 Dungeon Crawl Stone Soup version 0.25-a0-699-g25a338df49 (webtiles) character file.

Game seed: 8923314023411619507, levelgen mode: deterministic

91 M4edhros the Charlatan (level 4, 0/28 HPs)
             Began as an Octopode Artificer on Apr 2, 2020.
             Slain by a river rat (5 damage)
             ... on level 3 of the Dungeon.
             The game lasted 00:02:12 (866 turns).

M4edhros the Charlatan (Octopode Artificer)          Turns: 866, Time: 00:02:13

Health: 0/28       AC:  1    Str: 11    XL:     4   Next: 59%
Magic:  7/7        EV: 13    Int: 13    God:
Gold:   44         SH:  0    Dex: 13    Spells: 0/3 levels left

rFire    . . .     SeeInvis .   a - +0 short sword
rCold    . . .     Gourm    .   (no shield)
rNeg     . . .     Faith    .   (helmet restricted)
rPois    .         Spirit   .   (no amulet)
rElec    .         Reflect  .   (no ring)
rCorr    .         Harm     .   (no ring)
MR       .....                  (no ring)
Stlth    ++++......             (no ring)
HPRegen  0.09/turn              (no ring)
MPRegen  0.10/turn              (no ring)
                                (no ring)
                                (no ring)

@: no status effects
A: almost no armour, stealthy swim, amphibious, 8 rings, constrict 8, camouflage
1, gelatinous body 1
a: no special abilities


You were on level 3 of the Dungeon.
You were not hungry.

You visited 1 branch of the dungeon, and saw 3 of its levels.

You collected 44 gold pieces.

Inventory:

Hand Weapons
 a - a +0 short sword (weapon)
Wands
 b - a wand of flame (7)
 c - a wand of enslavement (13)
 d - a wand of random effects (14)
 i - a wand of iceblast (10)
 j - a wand of disintegration (5)
Scrolls
 h - a scroll of teleportation {unknown}
 k - a scroll of noise {unknown}
Potions
 e - a potion of resistance {unknown}
 g - a potion of magic {unknown}
Comestibles
 f - a ration


   Skills:
 - Level 1.0 Fighting
 - Level 1.0 Short Blades
 - Level 2.0 Dodging
 + Level 4.4 Stealth
 + Level 0.0 Conjurations
 + Level 0.0 Air Magic
 * Level 0.0 Poison Magic
 + Level 4.6 Evocations


You couldn't memorise any spells.
You knew the following spells:

 Your Spells              Type           Power        Failure   Level  Hunger
a - Mephitic Cloud        Conj/Pois/Air  #.......     67%         3    ####...

Your spell library contained the following spells:

 Spells                   Type           Power        Failure   Level  Hunger
 Magic Dart               Conj           #...         30%         1    ##.....
 Blink                    Tloc           N/A          43%         2    ###....
 Call Imp                 Summ           #.......     43%         2    ###....
 Slow                     Hex            #.......     43%         2    ###....
 Conjure Flame            Conj/Fire      #.......     67%         3    ####...


Dungeon Overview and Level Annotations

Branches:
Dungeon (3/15)

Altars:

Portals:
Sewer: D:3


Innate Abilities, Weirdness & Mutations

You cannot wear most types of armour.
You are very stealthy in the water. (Stealth+)
You are amphibious.
You can wear up to eight rings at the same time.
You can use your tentacles to constrict eight enemies at once.
Your skin changes colour to match your surroundings (Stealth+).
Your rubbery body absorbs attacks. (AC +1, EV +1)


Message History

You barely miss the river rat. You constrict the river rat.
The river rat twitches its whiskers.
The river rat completely misses you.
You hit the river rat.
The river rat is moderately wounded.
You constrict the river rat. The river rat bites you! The river rat misses you.
You hit the river rat but do no damage.
The river rat is heavily wounded.
You constrict the river rat. The river rat bites you!
* * * LOW HITPOINT WARNING * * *
Evoke which item? (* to show all) (? for menu, Esc to quit)
Aiming: Throw Flame
Press: ? - help, Shift-Dir - straight line, f - river rat
Aim: a river rat (severely wounded, constricted by you)
The puff of flame hits the river rat but does no damage.
The river rat is severely wounded.
You constrict the river rat.
A jackal comes into view. x2
The river rat bites you.
You die...

############.....#
#.....# #<....# .
#)....# h.
######.....#
#..###........).#
........###.....#
h.......###<....#
..≈≈≈..@........#
[≈≈≈≈≈.r.########
r≈≈∩≈≈...#
.≈≈≈≈≈...#
..≈≈≈.$..#
..r......#
.........#
######...#


You could see 2 river rats, 2 jackals and a rat (sleeping).

Vanquished Creatures
  A howler monkey (D:2)
  Ijyb (D:3)
  A worm (D:2)
  A leopard gecko (D:1)
  3 bats (D:1)
  A giant cockroach (D:3)
  2 goblins (D:3)
  3 hobgoblins
  2 jackals (D:2)
  3 kobolds
  A ball python (D:2)
  A frilled lizard (D:2)
  7 rats (D:1)
27 creatures vanquished.

Vanquished Creatures (collateral kills)
  A jackal (D:2)
1 creature vanquished.

Grand Total: 28 creatures vanquished

Notes
Turn   | Place    | Note
-------+----------+-------------------------------------------
     0 | D:1      | M4edhros the Octopode Artificer began the quest for the
                  | Orb.
     0 | D:1      | Reached XP level 1. HP: 13/13 MP: 3/3
    67 | D:1      | Reached XP level 2. HP: 16/18 MP: 4/4
   248 | D:2      | Noticed a howler monkey
   429 | D:2      | Killed a howler monkey
   429 | D:2      | Reached XP level 3. HP: 6/23 MP: 4/6
   482 | D:2      | Reached XP level 4. HP: 8/28 MP: 7/7
   782 | D:3      | Noticed Ijyb
   792 | D:3      | Killed Ijyb
   819 | D:3      | Learned a level 3 spell: Mephitic Cloud
   852 | D:3      | Found a glowing drain,
   866 | D:3      | Slain by a river rat

Levels and vault maps discovered:
D:1:      tarquinn_simple_flora_water_c, layout_basic
D:2:      layout_basic, uniq_natasha
D:3:      layout_rooms, portal_sewer_entry_a, uniq_ijyb

Skill      XL: |  1  2  3  4 |
---------------+-------------+-----
Stealth        | 2 3 4 |  4.4
Evocations     | 4 |  4.6
Fighting       | |  1.0
Short Blades   | |  1.0
Dodging        | |  2.0

Action                   |  1- 3 |  4- 6 || total
-------------------------+-------+-------++-------
Melee: Short sword       |    37 |    21 ||    58
       Constrict         |    11 |     5 ||    16
       Tentacles         |     5 |     5 ||    10
Evoke: Wand              |     4 |     7 ||    11
 Stab: Sleeping          |     1 |     1 ||     2
Armor: Skin              |     2 |     1 ||     3
Dodge: Dodged            |    27 |    13 ||    40

Table legend:
 A = Non-vault XP
 B = Vault XP
 C = Vault XP percentage of total XP
 D = Non-vault monster count
 E = Vault monster count
 F = Vault count percentage of total count
                 A         B        C        D         E       F
            +---------+---------+-------+---------+---------+-------
      Total |      93 |      38 |  29.0 |      26 |       2 |   7.1
            +---------+---------+-------+---------+---------+-------
        D:1 |      20 |       0 |   0.0 |      14 |       0 |   0.0
        D:2 |      68 |       0 |   0.0 |       9 |       0 |   0.0
        D:3 |       5 |      38 |  88.4 |       3 |       2 |  40.0
            +---------+---------+-------+---------+---------+-------
